 Adventure DCSS version bcrawl-1.21.3 (webtiles) character file.

Game seed: 4043766311365376749

8389204 Ankalagon the Slayer (level 27, 248/260 HPs)
             Began as a Djinni Fighter on Apr 6, 2020.
             Was the Champion of Okawaru.
             Escaped with the Orb
             ... and 10 runes!
             The game lasted 05:22:32 (88677 turns).

Ankalagon the Slayer (Djinni Fighter)              Turns: 88677, Time: 05:22:32

Health: 248/260    AC: 48    Str: 27    XL:     27
Magic:  49/54      EV: 40    Int: 36    God:    Okawaru [******]
Gold:   5097       SH: 38    Dex: 30    Spells: 35/44 levels left
                                        Lives:  1   Deaths: 1

rFire    + . .     SeeInvis +   a - +12 eveningstar "Kachig" {crush, rN+ Str-2 Int+8 Dex+4}
rCold    + . .     Gourm    .   k - +8 large shield of Velinut {god gift, Regen+ rCorr Dex-3}
rNeg     + + .     Faith    .   m - +8 orange crystal plate armour {god gift, Archmagi, Int+3 Clar}
rPois    .         Spirit   .   I - +2 helmet {Int+3}
rElec    .         Reflect  +   t - scarf {repulsion} {god gift}
rCorr    +         Harm     .   X - +3 pair of gloves "Dipt" {god gift, Str+5}
MR       ++...     Clarity  +   (boots unavailable)
Stlth    ..........             B - amulet "Bewuy" {Reflect MR+ Slay+3 SH+2 SInv}
HPRegen  0.93/turn              g - ring "Beer" {rC+ rN+ EV+4}
MPRegen  0.34/turn              S - ring "Pougeaf" {Wiz MR- MP+9 Dex+5 Slay+2}

@: mighty, brilliant, agile, heroism, finesse, flying, hasted, repel missiles,
very quick
A: never pass out, repulsion field 1, berserk 2, blink, blurry vision 3, clever
1, fire resistance 1, hurl hellfire, high mp 2, sense surroundings 1, wild magic
3, disrupted magic 1, MP-powered wands, floating
0: Orb of Zot
}: 10/15 runes: barnacled, slimy, silver, golden, iron, obsidian, icy, bone,
abyssal, gossamer
a: Hurl Hellfire, Blink, Heroism, Finesse, Renounce Religion


You escaped.
You worshipped Okawaru.
Okawaru was exalted by your worship.
You were not hungry.

You visited 18 branches of the dungeon, and saw 61 of its levels.
You visited the Abyss 6 times.
You also visited: Volcano.

You collected 13062 gold pieces.
You spent 7965 gold pieces at shops.

Inventory:

Hand Weapons
 a - the +12 eveningstar "Kachig" (weapon) {crush, rN+ Str-2 Int+8 Dex+4}
   (You acquired it on level 3 of the Lair of Beasts)

   It inflicts extra damage upon your enemies.
   It affects your strength (-2).
   It affects your intelligence (+8).
   It affects your dexterity (+4).
   It protects you from negative energy.
 b - a +9 blowgun
 D - the +3 quarterstaff of Righteous Fury {god gift, pain, rElec Str+4}
   (Okawaru gifted it to you on level 5 of the Abyss)

   In the hands of one skilled in necromantic magic, it inflicts extra damage on
   living creatures.
   It affects your strength (+4).
   It insulates you from electricity.
Missiles
 c - 55 steel javelins (quivered)
 l - 282 javelins of penetration {god gift}
 n - 1001 silver javelins
 A - 7 throwing nets {!f}
 Z - 45 curare-tipped needles
Armour
 i - the +14 plate armour of Wazupa Kefe {+Inv rF+ Stlth-}
   (You found it on level 3 of the Vaults)

   It protects you from fire.
   It lets you turn invisible.
   It makes you less stealthy.
 k - the +8 large shield of Velinut (worn) {god gift, Regen+ rCorr Dex-3}
   (Okawaru gifted it to you on level 5 of the Realm of Zot)

   It affects your dexterity (-3).
   It increases your rate of regeneration.
   It provides partial protection from all sources of acid and corrosion.
 m - the +8 orange crystal plate armour (worn) {god gift, Archmagi, Int+3 Clar}
   (Okawaru gifted it to you on level 5 of the Realm of Zot)

   It affects your intelligence (+3).
   It protects you against confusion.
 t - a scarf of repulsion (worn) {god gift}
 I - a +2 helmet of intelligence (worn)
 X - the +3 pair of gloves "Dipt" (worn) {god gift, Str+5}
   (Okawaru gifted it to you on level 1 of the Abyss)

   It affects your strength (+5).
Jewellery
 g - the ring "Beer" (left hand) {rC+ rN+ EV+4}
   (You acquired it on level 10 of the Dungeon)

   [ring of evasion]

   It affects your evasion (+4).
   It protects you from cold.
   It protects you from negative energy.
 w - the amulet "Jotzacva" {Gourm rElec Str+3 Int+4}
   (You took it off a vault sentinel on level 2 of the Vaults)

   [amulet of the gourmand]

   It allows you to eat raw meat even when not hungry.
   It affects your strength (+3).
   It affects your intelligence (+4).
   It insulates you from electricity.
 B - the amulet "Bewuy" (around neck) {Reflect MR+ Slay+3 SH+2 SInv}
   (You found it on level 3 of the Shoals)

   [amulet of reflection]

   It shields you and reflects attacks.
   It affects your accuracy and damage with ranged weapons and melee attacks
   (+3).
   It affects your resistance to hostile enchantments.
   It lets you see invisible.
   It affects your SH (+2).
 S - the ring "Pougeaf" (right hand) {Wiz MR- MP+9 Dex+5 Slay+2}
   (You found it on level 1 of the Depths)

   [ring of wizardry]

   It improves your spell success rate.
   It affects your dexterity (+5).
   It affects your accuracy and damage with ranged weapons and melee attacks
   (+2).
   It affects your resistance to hostile enchantments.
   It affects your magic capacity (+9).
 U - the ring "Beciss" {rElec Int+6}
   (You found it on level 5 of the Depths)

   [ring of insulation]

   It affects your intelligence (+6).
   It insulates you from electricity.
Wands
 h - a wand of digging (48)
 F - a wand of iceblast (67)
 J - a wand of paralysis (31)
 N - a wand of clouds (15)
 O - a wand of scattershot (5)
 T - a wand of disintegration (32)
 V - a wand of acid (8)
 Y - a wand of polymorph (45)
Scrolls
 o - 5 scrolls of fog
 u - 35 scrolls of remove curse
 y - 4 scrolls of blinking
 E - 7 scrolls of fear
 M - a scroll of magic mapping
 R - 7 scrolls of teleportation
 W - 4 scrolls of silence
Potions
 d - a potion of might
 f - 20 potions of curing
 p - 12 potions of brilliance
 r - 10 potions of mutation
 s - 7 potions of cancellation
 x - 9 potions of agility
 G - 5 potions of haste {!q}
 H - 9 potions of ambrosia
 K - a potion of magic
 Q - 10 potions of heal wounds
Miscellaneous
 j - 2 boxes of beasts
 q - a lamp of fire
 v - 4 phantom mirrors
 z - the horn of Geryon
 C - a phial of floods
 L - a lightning rod (4/4)
 P - 3 sacks of spiders
Comestibles
 e - 76 rations {!d}


   Skills:
 + Level 23.7(27) Fighting
 - Level 22.0(27) Maces & Flails
 - Level 22.0(27) Throwing
 - Level 22.0(27) Armour
 - Level 22.0(27) Dodging
 - Level 3.5(8.5) Stealth
 - Level 20.0(25.0) Shields
 - Level 9.0 Spellcasting
 - Level 14.3 Charms
 - Level 14.3 Necromancy
 - Level 12.7 Translocations
 - Level 11.9 Invocations
 - Level 21.0 Evocations


You had 35 spell levels left.
You knew the following spells:

 Your Spells              Type           Power        Failure   Level  Hunger
a - Apportation           Tloc           ######       1%          1    None
b - Regeneration          Chrm/Necr      #########.   1%          3    None
e - Portal Projectile     Tloc           ######       1%          3    None
q - Blink                 Tloc           N/A          1%          2    None

Your spell library contained the following spells:

 Spells                   Type           Power        Failure   Level  Hunger
 Blink Other              Tloc           ######       1%          1    None
 Infusion                 Chrm           ########     1%          1    None
 Corpse Rot               Necr           N/A          1%          2    None
 Flaming Arrows           Chrm/Fire      ########     1%          2    None
 Song of Slaying          Chrm           ########     1%          2    None
 Sublimation of Blood     Necr           #########.   1%          2    None
 Swiftness                Chrm/Air       ########     1%          2    None
 Ozocubu's Armour         Chrm/Ice       ########     1%          3    None
 Recall                   Summ/Tloc      N/A          1%          3    None
 Spectral Weapon          Hex/Chrm       ########     1%          3    None
 Teleport Other           Tloc           ########     1%          3    None
 Animate Dead             Necr           N/A          1%          4    None
 Agony                    Necr           ########     1%          5    ###....
 Dispel Undead            Necr           ########     1%          5    ###....
 Death Channel            Chrm/Necr      #########.   1%          6    #####..
 Beastly Appendage        Tmut           ######       2%          1    None
 Corona                   Hex            #######      2%          1    None
 Freeze                   Ice            ######       2%          1    None
 Magic Dart               Conj           ####         2%          1    None
 Sandblast                Erth           ######       2%          1    None
 Slow                     Hex            #######.     2%          1    None
 Sting                    Conj/Pois      ####         2%          1    None
 Summon Butterflies       Summ           #######.     2%          1    None
 Summon Small Mammal      Summ           ####         2%          1    None
 Throw Frost              Conj/Ice       ######       2%          2    None
 Dispersal                Tloc           #########.   2%          6    #####..
 Call Imp                 Summ           ######       3%          2    None
 Passwall                 Tmut/Erth      #######.     3%          2    None
 Poisonous Vapours        Pois/Air       ######       3%          2    None
 Searing Ray              Conj           #######.     3%          2    None
 Shackle                  Hex            #######.     3%          2    None
 Sticks to Snakes         Tmut           #######.     3%          2    None
 Bolt of Draining         Conj/Necr      ########..   3%          5    ###....
 Iskenderun's Battlesphe  Conj/Chrm      ########     3%          5    ###....
 Summon Forest            Summ/Tloc      ########..   4%          5    ###....
 Call Canine Familiar     Summ           #######.     5%          3    None
 Conjure Flame            Conj/Fire      #######.     5%          3    None
 Dazzling Spray           Conj/Hex       ######       5%          3    None
 False Image              Hex/Summ       #######.     5%          3    None
 Inner Flame              Hex/Fire       N/A          5%          3    None
 Iskenderun's Mystic Bla  Conj           #######.     5%          3    None
 Mephitic Cloud           Conj/Pois/Air  #######.     5%          3    None
 Spider Form              Tmut/Pois      ###          5%          3    None
 Stone Arrow              Conj/Erth      ######       5%          3    None
 Tukima's Dance           Hex            #######.     5%          3    None
 Borgnjor's Vile Clutch   Necr/Erth      ########..   12%         6    #####..
 Deflect Missiles         Chrm/Air       ########..   12%         6    #####..
 Simulacrum               Ice/Necr       ########..   12%         6    #####..
 Steam Barrier            Chrm/Fire      ########..   12%         6    #####..
 Cause Fear               Hex            #######...   13%         4    None
 Fulminant Prism          Conj/Hex       #######...   13%         4    None
 Ice Form                 Ice/Tmut       #######.     13%         4    None
 Petrify                  Tmut/Erth      #######.     13%         4    None
 Sticky Flame             Conj/Fire      #######.     13%         4    None
 Summon Ice Beast         Ice/Summ       #######.     13%         4    None
 Throw Icicle             Conj/Ice       #######.     13%         4    None
 Tree Form                Hex/Tmut       N/A          13%         4    None
 Yara's Violent Unravell  Hex/Tmut       #######...   13%         4    None
 Aura of Abjuration       Summ           #######...   26%         5    ###....
 Blade Hands              Tmut           #######...   26%         5    ###....
 Bolt of Magma            Conj/Fire/Erth #######...   26%         5    ###....
 Fireball                 Conj/Fire      #######...   26%         5    ###....
 Irradiate                Conj/Tmut      #######...   26%         5    ###....
 Lee's Rapid Deconstruct  Erth           #######...   26%         5    ###....
 Lightning Bolt           Conj/Air       #######...   26%         5    ###....
 Metabolic Englaciation   Hex/Ice        #######...   26%         5    ###....
 Silence                  Hex/Air        #######...   26%         5    ###....
 Summon Demon             Summ           #######...   26%         5    ###....
 Summon Lightning Spire   Summ/Air       #######.     26%         5    ###....
 Summon Mana Viper        Hex/Summ       #######.     26%         5    ###....
 Haunt                    Necr/Summ      ########..   36%         7    ######.
 Malign Gateway           Summ/Tloc      ########..   45%         7    ######.
 Bolt of Cold             Conj/Ice       #######...   67%         6    #####..
 Bolt of Fire             Conj/Fire      #######...   67%         6    #####..
 Conjure Ball Lightning   Conj/Air       #######...   67%         6    #####..
 Darkness                 Hex            #######...   67%         6    #####..
 Freezing Cloud           Ice/Air        #######...   67%         6    #####..
 Invisibility             Hex            #######.     67%         6    #####..
 Iron Shot                Conj/Erth      #######...   67%         6    #####..
 Ozocubu's Refrigeration  Ice            #######...   67%         6    #####..
 Poison Arrow             Conj/Pois      #######...   67%         6    #####..
 Shadow Creatures         Summ           N/A          67%         6    #####..
 Statue Form              Tmut/Erth      #######..    67%         6    #####..
 Summon Hydra             Summ           #######...   67%         6    #####..
 Mana Rupture             Conj/Hex       #######...   97%         7    ######.
 Monstrous Menagerie      Summ           #######...   97%         7    ######.
 Orb of Destruction       Conj           #######...   97%         7    ######.
 Spellforged Servitor     Conj/Summ      #######...   97%         7    ######.
 Summon Greater Demon     Summ           #######...   97%         7    ######.
 Chain Lightning          Conj/Air       #######...   100%        8    #######
 Ignition                 Fire           #######...   100%        8    #######
 Summon Horrible Things   Summ           #######...   100%        8    #######
 Shatter                  Erth           #######...   100%        9    #######
 Tornado                  Air            #######...   100%        9    #######
 Passage of Golubria      Tloc           Unusable     N/A         5    N/A

Dungeon Overview and Level Annotations

Branches:
Dungeon (12/12)            Temple (1/1) D:4            Lair (6/6) D:8
 Shoals (3/3) Lair:2       Spider (3/3) Lair:3        Slime (5/5) Lair:5
    Orc (1/1) D:10            Elf (3/3) Orc          Vaults (3/3) D:11
  Crypt (2/2) Vaults:2       Tomb (3/3) Crypt:2      Depths (5/5) D:12
   Hell (1/1)                 Dis (2/2) Hell            Geh (2/2) Hell
    Coc (2/2) Hell            Tar (2/2) Hell            Zot (5/5) Depths:5

Altars:
Ashenzari
Cheibriados
Dithmenos
Elyvilon
Fedhas
Gozag
Hepliaklqana
Kikubaaqudgha
Lugonu
Makhleb
Nemelex Xobeh
Okawaru
Qazlal
Ru
Sif Muna
Trog
Uskayaw
Vehumet
Wu Jian
Xom
Yredelemnul
Zin
The Shining One
Jiyva

Shops:
D:6 *[[   D:7 }   D:8 [   D:10 =   D:11 !   Orc (!**   Elf:1 ?   Elf:2 ?
Elf:3 **   Shoals:2 *   Vaults:1 !   Vaults:2 (   Depths:1 ?   Depths:4 *

Portals:
Hell: Depths:1 Depths:2 Depths:3 Depths:4 Depths:5
Abyss: Depths:3* Depths:4*
Pandemonium: Depths:3
Ziggurat: Depths:2
Trove: Elf:2 (give 8 potions of agility)

Annotations:
Lair:5 3 runed translucent doors, funkygono's ghost, journeyman FrCj
Elf:2 1 runed door
Zot:3 1 runed door


Innate Abilities, Weirdness & Mutations

You never pass out after going berserk.
You often lose your temper in combat.
You can translocate small distances at will.
Scrolls take you much longer to read.
Your flesh is heat resistant. (rF+)
You can hurl hellfire.
You have a considerably increased reservoir of magic. (+20% MP)
Your spells are much harder to cast, but much more powerful.
Your casting is slightly disrupted.
You expend magic power (3 MP) to strengthen your wands.
Your body floats in the air.
You are surrounded by a mild repulsion field. (EV +2)
Your mind is acute. (Int +2)
You passively map a small area around you.


Message History

You hit the Orb Guardian.
The Orb Guardian is severely wounded.
The Orb Guardian closely misses you.
You impale the Orb Guardian!!
You kill the Orb Guardian!
Okawaru accepts your kill.
No target in view!
There is a staircase leading out of the dungeon here.
You gain the combat prowess of a mighty hero.
You can now deal lightning-fast blows.
You feel very mighty all of a sudden.
You feel clever all of a sudden.
You feel agile all of a sudden.
Really quaff
G - 6 potions of haste {!q}?
You feel yourself speed up.
Okay, then.
Okay, then.
Unknown command.
Okay, then.
You have escaped!

..'.....#.#.##.# #.# #†#.#
..#######.#.##.# #.# #...# ..#
#.#.##.# #.# ##..#
#########'#....# #.####.>##
#.........###########.....)...
#.....[...##≈≈≈#≈#≈.'.####....
#.........##≈##≈#≈##### #....
#..........#≈≈#≈#≈### #....
#.......)..'≈@#≈#≈≈.# #....
######'#####≈≈≈≈###.# #....
#.# #≈##≈#.#.# #.... #.#
#≈≈≈≈#...# #####
#.##########'### #
#.............# #
#############.# # #.# #
#.###########


There were no monsters in sight!

Vanquished Creatures
  Antaeus (Coc:2)
  Asmodeus (Geh:2)
  the Royal Jelly (Slime:5)
  Ereshkigal (Tar:2)
  Dispater (Dis:2)
  4 juggernauts
  5 orbs of fire
  10 ancient liches
  Mara (Depths:2)
  A shard shrike (Coc:1)
  31 greater mummies
  5 Killer Klowns
  9 golden dragons
  Saint Roka (Elf:1)
  A caustic shrike (Depths:3)
  6 curse toes
  Geryon (Hell)
  A pandemonium lord (Depths:2)
  A profane servitor (Abyss:5)
  3 bone dragons
  16 Brimstone Fiends
  4 electric golems
  5 Shadow Fiends
  3 Orb Demons
  A doom hound (Tar:2)
  7 Ice Fiends (Coc:2)
  18 tentacled monstrosities
  8 liches
  6 Hell Sentinels
  27 Orb Guardians
  2 deep elf blademasters
  3 Executioners
  11 quicksilver dragons
  16 ancient champions
  13 acid blobs
  5 krakens (Shoals:3)
  An eldritch tentacle (Tar:1)
  Murray (Hell)
  A deep elf master archer (Elf:3)
  3 titans
  13 death cobs
  13 sphinxes
  16 tentacled starspawn
  A thorn hunter (Abyss:4)
  Kirke (Lair:4)
  6 tengu reavers
  25 storm dragons
  12 shadow dragons
  Ilsuiw (Shoals:3)
  8 azure jellies (Slime:5)
  12 fire giants
  9 draconian knights
  8 draconian monks
  10 balrugs
  16 frost giants
  13 deep elf sorcerers
  3 iron dragons
  Louise (Spider:2)
  5 draconian scorchers
  4 orc warlords (Vaults:2)
  10 draconian shifters
  11 ghost moths
  4 emperor scorpions
  17 reapers
  5 curse skulls
  8 ghouls
  23 stone giants
  An angel (D:1)
  6 cacodemons
  10 vault wardens
  4 draconian stormcallers
  7 spriggan defenders
  17 ironheart preservers
  7 draconian annihilators
  6 deep elf elementalists
  8 war gargoyles
  An elemental wellspring (Coc:2)
  24 very ugly things
  18 bennus
  4 entropy weavers
  14 green draconians
  10 deep elf demonologists
  4 vampire knights
  19 black draconians
  9 deep elf annihilators
  10 red draconians
  23 yellow draconians
  20 white draconians
  11 purple draconians
  7 deep elf death magi
  A dire elephant (shapeshifter) (Depths:3)
  3 eidola
  Azrael (Elf:1)
  3 crystal guardians
  12 blizzard demons
  26 mummy priests
  6 spark wasps
  7 merfolk javelineers
  3 jiangshi (Crypt:2)
  9 merfolk impalers
  7 death oozes (Slime:5)
  11 fire dragons
  2 quicksilver dragon zombies
  3 green deaths
  13 ettins
  9 deep elf high priests
  The ghost of dscm the Slicer, a journeyman KoFi of Uskayaw (D:11)
  9 great orbs of eyes
  22 yaktaur captains
  A quicksilver dragon skeleton (Tar:1)
  7 ogre magi
  29 ice dragons
  2 spriggan air magi
  A ghost crab (Tar:2)
  6 hydras
  A merfolk avatar (Shoals:3)
  10 rakshasas
  2 alligator snapping turtles
  34 vault guards
  6 centaur warriors
  Erica (Lair:1)
  2 merfolk aquamancers (Shoals:3)
  5 death knights
  28 death scarabs
  25 two-headed ogres
  10 deep troll shamans
  A queen ant (Shoals:3)
  2 alligators (Lair:6)
  3 death yaks (Lair:6)
  35 dancing weapons
  10 hell hogs
  8 tengu warriors
  The ghost of Lazarus1551 the Thaumaturge, a novice DrWz of Sif Muna (D:9)
  11 vampire magi
  13 thrashing horrors
  3 satyrs
  5 deep troll earth magi
  4 titan zombies
  A storm dragon zombie (Geh:2)
  2 shock serpents (shapeshifter)
  26 deep trolls
  4 spriggans (Depths:5)
  2 spriggan berserkers
  20 deep elf knights
  11 sun demons
  An iron golem (Dis:1)
  A fire crab (Lair:6)
  7 wretched stars
  2 storm dragon skeletons
  2 spatial maelstroms (Abyss:5)
  6 soul eaters
  10 shadow wraiths
  89 skeletal warriors
  An iron giant zombie (Crypt:1)
  A spark wasp zombie (Crypt:1)
  8 unseen horrors
  18 hell knights
  9 iron trolls
  7 sea snakes
  4 sixfirhies
  3 titan skeletons
  3 shadow demons (Tar:2)
  8 glowing orange brains
  4 anaconda zombies
  6 flayed ghosts
  A golden dragon zombie (Dis:1)
  An orange crystal statue (Depths:1)
  3 shadow dragon zombies
  16 harpies
  17 phantasmal warriors
  2 wizards
  A harpy (shapeshifter) (Vaults:1)
  14 ironbrand convokers
  An anaconda skeleton (Coc:1)
  A cyclops (shapeshifter) (Depths:3)
  7 cyclopes
  14 deep elf archers
  16 wolf spiders
  10 necromancers
  2 shining eyes
  9 orb spiders
  58 deep elf magi
  5 fauns (Shoals:1)
  7 orc knights
  4 oklob plants
  2 iron dragon zombies (Tar:2)
  A shadow dragon skeleton (Crypt:1)
  3 orc sorcerers (Vaults:2)
  2 stone giant zombies
  26 ugly things
  A frost giant zombie (Tomb:3)
  4 wolf spider zombies
  A fire giant zombie (Geh:1)
  6 worldbinders
  11 manticores
  29 moths of wrath
  23 large abominations
  2 iron dragon skeletons
  3 stone giant skeletons
  11 rust devils
  4 dire elephant zombies
  2 frost giant skeletons
  Maurice (D:8)
  7 merfolk sirens
  A black mamba (shapeshifter) (Vaults:2)
  An eye of devastation (Abyss:4)
  3 apocalypse crabs
  3 fire giant skeletons
  A water nymph (shapeshifter) (Depths:1)
  Joseph (D:7)
  A torpor snail (Lair:3)
  15 vault sentinels
  An eye of devastation (shapeshifter) (Vaults:3)
  6 smoke demons
  8 molten gargoyles
  9 water nymphs
  8 black mambas
  3 ice statues
  A shock serpent skeleton (Tar:2)
  11 cane toads
  3 gargoyles
  16 hellions
  A catoblepas zombie (Crypt:1)
  A yaktaur (shapeshifter) (Depths:4)
  8 dire elephant skeletons
  6 orange demons
  A redback zombie (Crypt:2)
  3 hellwings
  A minotaur zombie (Coc:2)
  46 yaktaurs
  4 kobold demonologists
  2 rime drakes
  10 tormentors
  3 efreet
  2 emperor scorpion zombies
  18 komodo dragons
  A white draconian zombie (Crypt:1)
  7 demonic crawlers
  A minotaur skeleton (Geh:2)
  37 guardian mummies
  2 hydra zombies (Coc:2)
  A black draconian skeleton (Tar:2)
  16 freezing wraiths
  12 ancient zymes
  A grey draconian skeleton (Crypt:2)
  2 tengu conjurers
  A white draconian skeleton (Crypt:1)
  A yellow draconian skeleton (Crypt:2)
  13 ice devils
  15 red devils
  A meliai (shapeshifter) (Vaults:2)
  2 queen bees
  9 merfolk
  A catoblepas skeleton (Coc:1)
  A purple draconian skeleton (Geh:1)
  2 silent spectres (Tar:2)
  11 hornets
  A polar bear (Lair:5)
  21 jumping spiders
  A hornet (shapeshifter) (Depths:3)
  9 trolls
  5 wind drakes
  2 alligator zombies
  40 slime creatures
  26 blink frogs
  7 hydra skeletons
  4 harpy skeletons
  8 dream sheep
  2 ice dragon zombies
  9 bog bodies (Coc:2)
  3 fire dragon zombies
  17 hippogriffs
  8 snapping turtles
  15 small abominations
  A meliai zombie (Crypt:2)
  47 redbacks
  A human simulacrum (Vaults:2)
  8 ettin skeletons
  A stone giant simulacrum (Crypt:1)
  21 raiju
  6 ettin zombies
  A fire giant simulacrum (Vaults:2)
  17 tarantellas
  36 starcursed masses
  7 shadows
  3 fire dragon skeletons
  2 ice dragon skeletons
  2 black mamba zombies
  68 flying skulls
  4 alligator skeletons
  2 air elementals
  13 wraiths
  3 vampires (Vaults:2)
  A dire elephant simulacrum (Hell)
  22 water elementals
  7 wyverns
  7 ushabtiu
  A tarantella (shapeshifter) (Depths:4)
  5 ynoxinuls
  56 yaks
  Grum (D:11)
  6 hogs (Lair:4)
  7 neqoxecs
  26 fire elementals
  A hog (shapeshifter) (Depths:1)
  2 hungry ghosts
  A fire bat (Abyss:5)
  15 golden eyes
  10 basilisks
  3 black mamba skeletons
  A wind drake skeleton (Crypt:1)
  7 chaos spawn
  5 vampire mosquitoes
  A warg (shapeshifter) (Vaults:3)
  7 crocodiles
  3 spatial vortices
  A gelid demonspawn zombie (Crypt:1)
  A merfolk zombie (Crypt:2)
  An acid dragon (D:10)
  2 wargs (Vaults:2)
  3 cane toad zombies
  2 floating eyes
  21 hell hounds
  8 water moccasins
  6 porcupines
  5 sky beasts
  A hydra simulacrum (Hell)
  5 cane toad skeletons
  A sky beast (shapeshifter) (Elf:3)
  3 black bears
  3 eyes of draining
  37 orc warriors
  2 ice beasts
  6 phantoms
  A snapping turtle zombie (Crypt:1)
  An alligator simulacrum (Hell)
  An ogre (shapeshifter) (Vaults:2)
  An ettin simulacrum (Coc:2)
  18 ogres
  A boggart (shapeshifter) (Vaults:3)
  2 necrophages
  10 boggarts
  26 centaurs
  A swamp dragon zombie (Coc:2)
  14 wolves
  A rime drake zombie (Crypt:1)
  11 bullfrogs
  8 earth elementals
  An elf zombie (Crypt:2)
  4 big kobolds
  A cane toad simulacrum (Hell)
  A draconian skeleton (Crypt:2)
  2 scorpions
  30 killer bees
  A swamp dragon simulacrum (Crypt:1)
  2 troll zombies (Crypt:1)
  30 wights
  7 howler monkeys
  15 crimson imps
  5 lava snakes (Lair:6)
  A bullfrog zombie (D:7)
  3 quasits
  31 jellies
  7 iron imps
  5 hounds
  A bullfrog skeleton (D:7)
  9 orc priests
  23 orc wizards
  A black bear skeleton (Crypt:2)
  5 centaur skeletons
  5 hell rats (Lair:1)
  Terence (D:3)
  A human skeleton (Crypt:1)
  4 iguanas
  Natasha (thrice) (D:3)
  11 worker ants
  A centaur simulacrum (Crypt:1)
  A dwarf skeleton (Crypt:1)
  A hound skeleton (D:5)
  67 mummies
  2 worker ant zombies (D:5)
  12 adders
  4 shadow imps
  4 white imps
  2 ufetubi
  5 oozes (D:11)
  A halfling zombie (Crypt:2)
  An adder skeleton (D:5)
  2 worms
  A dart slug (D:2)
  3 leopard geckos
  98 orcs
  7 bats
  2 giant cockroaches
  3 goblins
  7 hobgoblins
  17 jackals
  A quokka (D:2)
  A ball python (D:7)
  4 frilled lizards
  17 kobolds
  A quokka skeleton (D:4)
  6 rats
  4 butterflies (Abyss:5)
  2 fungi (D:8)
  A lurking horror (Abyss:5)
  2 plants
  17 starspawn tentacles
  21 tentacles (Shoals:3)
3412 creatures vanquished.

Vanquished Creatures (collateral kills)
  2 acid blobs (Slime:5)
  2 bennus
  A vault guard (Vaults:3)
  A skeletal warrior (Tomb:3)
  2 slime creatures (Slime:5)
  An orc (Vaults:3)
9 creatures vanquished.

Vanquished Creatures (others)
  A tentacled monstrosity (Zot:5)
  An Orb Guardian (Zot:5)
  2 deep elf master archers (Elf:3)
  An eldritch tentacle (Dis:1)
  A draconian scorcher (Zot:1)
  3 stone giants (Vaults:3)
  An elemental wellspring (Coc:2)
  A deep elf annihilator (Vaults:1)
  A yellow draconian (Zot:3)
  A merfolk javelineer (Abyss:4)
  A quicksilver dragon zombie (Geh:2)
  2 yaktaur captains
  A quicksilver dragon skeleton (Tomb:2)
  A dancing weapon (Elf:1)
  4 death scarabs (Tomb:2)
  A hell hog (Geh:2)
  A thrashing horror (Abyss:4)
  A deep elf knight (Vaults:2)
  2 deep elf archers (Elf:1)
  A deep elf mage (Elf:1)
  2 moths of wrath (Zot:5)
  A molten gargoyle (Geh:2)
  3 yaktaurs (Vaults:1)
  A guardian mummy (Tomb:2)
  A bog body (Coc:2)
  6 flying skulls
  A chaos spawn (Abyss:5)
  A golden eye (Abyss:5)
  A boggart (Depths:2)
  A hound (shapeshifter) (Depths:3)
  A mummy (Tomb:2)
  A white imp (Abyss:4)
  2 orcs
  10 fungi
  3 lurking horrors
  27 plants
  26 starspawn tentacles
  30 tentacles (Shoals:3)
146 creatures vanquished.

Grand Total: 3567 creatures vanquished

Notes
Turn   | Place    | Note
-------+----------+-------------------------------------------
     0 | D:1      | Ankalagon the Djinni Fighter began the quest for the Orb.
     0 | D:1      | Reached XP level 1. HP: 19/19 MP: 1/1
   124 | D:1      | Reached XP level 2. HP: 26/26 MP: 2/2
   706 | D:1      | Reached XP level 3. HP: 19/31 MP: 3/3
  1367 | D:3      | Noticed a sky beast
  1383 | D:3      | Killed a sky beast
  1383 | D:3      | Reached skill level 5 in Maces & Flails
  1383 | D:3      | Gained mutation: Your spells are harder to cast, but more
                  | powerful. [Djinni growth]
  1383 | D:3      | Gained mutation: You can translocate small distances at
                  | will. [Djinni growth]
  1383 | D:3      | Reached XP level 4. HP: 13/38 MP: 4/4
  1383 | D:3      | Reached XP level 5. HP: 16/45 MP: 5/5
  1675 | D:3      | Noticed Natasha
  1687 | D:3      | Killed Natasha
  1756 | D:3      | Noticed Natasha
  1769 | D:3      | Killed Natasha
  1770 | D:3      | Noticed Natasha
  1782 | D:3      | Killed Natasha
  2076 | D:3      | Noticed Terence
  2083 | D:3      | Killed Terence
  2083 | D:3      | Reached XP level 6. HP: 45/51 MP: 6/6
  2403 | D:4      | Found a hazy altar of Hepliaklqana.
  2909 | D:4      | Reached XP level 7. HP: 42/57 MP: 7/7
  3119 | D:4      | Found a staircase to the Ecumenical Temple.
  3128 | Temple   | Entered the Ecumenical Temple
  3330 | D:5      | Entered Level 5 of the Dungeon
  3493 | D:5      | Found a radiant altar of Vehumet.
  3819 | D:5      | Gained mutation: Your spells are much harder to cast, but
                  | much more powerful. [Djinni growth]
  3819 | D:5      | Reached XP level 8. HP: 62/63 MP: 8/8
  3868 | D:5      | Got a transparent dagger
  4006 | D:5      | Reached skill level 10 in Maces & Flails
  4042 | D:5      | Found a corrupted altar of Lugonu.
  4095 | D:5      | Found a stormy altar of Qazlal.
  4312 | D:6      | Found an opulent altar of Gozag.
  4346 | D:6      | Slain by an orc warrior
  4347 | D:6      | Reached XP level 7. HP: -5/57 MP: 7/7
  4612 | D:6      | Found Torhyna's Antique Armour Emporium.
  4690 | D:6      | Found Nuorown's Assorted Antiques.
  4698 | D:6      | Bought a thick golden amulet for 160 gold pieces
  4817 | D:6      | Found Juwk's Armour Shoppe.
  4820 | D:6      | Bought a +1 helmet of intelligence for 198 gold pieces
  5036 | D:6      | Reached XP level 8. HP: 59/63 MP: 8/8
  5068 | D:6      | HP: 3/63 [orc warrior/+0 trident (14)]
  5699 | D:7      | Noticed Joseph
  5869 | D:7      | Found Ulokisury's Gadget Emporium.
  5886 | D:7      | Bought a wand of polymorph (3) for 35 gold pieces
  5902 | D:7      | Found a sparkling altar of Nemelex Xobeh.
  6025 | D:7      | Noticed a hippogriff
  6035 | D:7      | Killed a hippogriff
  6110 | D:7      | Killed Joseph
  6110 | D:7      | Reached XP level 9. HP: 70/70 MP: 7/9
  6168 | D:7      | Found a sacrificial altar of Ru.
  6538 | D:8      | Noticed a two-headed ogre
  6726 | D:8      | Found a shadowy altar of Dithmenos.
  6809 | D:8      | Found a staircase to the Lair.
  6819 | D:8      | Noticed Maurice
  6843 | D:8      | Found an iron altar of Okawaru.
  6843 | D:8      | Found a hide-covered altar of Uskayaw.
  6869 | D:8      | Killed Maurice
  6879 | D:8      | Found a glowing silver altar of Zin.
  6881 | D:8      | Found a shimmering altar of Xom.
  6893 | D:8      | Became a worshipper of Warmaster Okawaru
  7051 | D:8      | Found an ornate altar of the Wu Jian Council.
  7074 | D:8      | Found a blossoming altar of Fedhas.
  7316 | D:8      | Reached * piety under Okawaru
  7316 | D:8      | Reached XP level 10. HP: 77/77 MP: 6/10
  7789 | D:8      | Reached skill level 4 in Fighting
  7991 | D:8      | Found Balaan's Antique Armour Emporium.
  8004 | D:8      | Bought a pair of embroidered gloves for 187 gold pieces
  8119 | D:9      | Noticed a two-headed ogre
  8133 | D:9      | Killed a two-headed ogre
  8133 | D:9      | Reached ** piety under Okawaru
  8133 | D:9      | Reached skill level 5 in Fighting
  8352 | D:9      | Reached skill level 6 in Fighting
  8508 | D:9      | Reached skill level 7 in Fighting
  8995 | D:9      | Reached skill level 8 in Fighting
  8997 | D:9      | Reached *** piety under Okawaru
  9014 | D:9      | Reached skill level 1 in Invocations
  9068 | D:9      | Found a large runed translucent door.
  9068 | D:9      | Found a large runed translucent door.
  9090 | D:9      | Noticed Lazarus1551's ghost (novice DrWz)
  9277 | D:10     | Entered Level 10 of the Dungeon
  9401 | D:10     | Noticed a gargoyle
  9405 | D:10     | Killed a gargoyle
  9405 | D:10     | Reached skill level 9 in Fighting
  9483 | D:10     | Noticed a brown ugly thing
  9495 | D:10     | Killed a brown ugly thing
  9495 | D:10     | Reached **** piety under Okawaru
  9495 | D:10     | Reached XP level 11. HP: 94/97 MP: 8/13
  9629 | D:10     | Found Tuzaun's Jewellery Boutique.
  9638 | D:10     | Found a staircase to the Orcish Mines.
  9743 | D:10     | Identified a scroll of acquirement
  9743 | D:10     | Identified the ring "Beer" {rC+ rN+ EV+4} (You acquired it
                  | on level 10 of the Dungeon)
 10206 | D:10     | Noticed a red ugly thing
 10206 | D:10     | Noticed a two-headed ogre
 10212 | D:10     | Killed a two-headed ogre
 10223 | D:10     | Killed a red ugly thing
 10223 | D:10     | Reached skill level 10 in Fighting
 10223 | D:10     | Reached skill level 5 in Invocations
 10691 | Orc      | Entered the Orcish Mines
 10691 | Orc      | Noticed an orc knight
 10712 | D:10     | Killed an orc knight
 11033 | Orc      | Reached ***** piety under Okawaru
 11050 | Orc      | Noticed a centaur warrior
 11217 | Orc      | Killed a centaur warrior
 11333 | Orc      | Reached skill level 1 in Dodging
 11354 | Orc      | Noticed an orc knight
 11615 | Orc      | Killed an orc knight
 11736 | Orc      | Noticed an orc knight
 11754 | Orc      | Killed an orc knight
 12122 | Orc      | Noticed an orc knight
 12139 | Orc      | Killed an orc knight
 12291 | Orc      | Noticed an orc knight
 12308 | Orc      | Killed an orc knight
 12308 | Orc      | Reached ****** piety under Okawaru
 12308 | Orc      | Reached skill level 5 in Armour
 12308 | Orc      | Gained mutation: Your casting is slightly disrupted.
                  | [Djinni growth]
 12308 | Orc      | Gained mutation: Your flesh is heat resistant. (rF+)
                  | [Djinni growth]
 12308 | Orc      | Gained mutation: You have an increased reservoir of magic.
                  | (+10% MP) [Djinni growth]
 12308 | Orc      | Gained mutation: You have a considerably increased
                  | reservoir of magic. (+20% MP) [Djinni growth]
 12308 | Orc      | Reached XP level 12. HP: 81/106 MP: 14/21
 12391 | Orc      | Found Jeumoego's General Store.
 12391 | Orc      | Found Vafees's Distillery.
 12391 | Orc      | Found Baalot's Antique Weapon Shoppe.
 12394 | Orc      | Found Etepn's General Store.
 12841 | Orc      | Reached skill level 5 in Dodging
 12928 | Orc      | Found a staircase to the Elven Halls.
 13273 | Lair:1   | Entered Level 1 of the Lair of Beasts
 13589 | Lair:1   | Found a dark tunnel.
 13595 | Volcano  | Entered a volcano
 13777 | Volcano  | Received a gift from Okawaru
 13778 | Volcano  | Got a spiked hat {god gift}
 13839 | Volcano  | Identified the +0 hat of the Moon {god gift, MP+9} (Okawaru
                  | gifted it to you in a volcano)
 14302 | Lair:1   | Noticed Erica
 14309 | Lair:1   | Noticed an eight-headed hydra
 14312 | Lair:1   | Killed Erica
 14320 | Lair:1   | Killed an eight-headed hydra
 16458 | Lair:2   | Found a staircase to the Shoals.
 16831 | Lair:3   | Received a gift from Okawaru
 16840 | Lair:3   | Reached XP level 13. HP: 26/113 MP: 22/22
 17307 | Lair:3   | Found a hole to the Spider Nest.
 17344 | Lair:3   | Identified the +12 eveningstar "Kachig" {crush, rN+ Str-2
                  | Int+8 Dex+4} (You acquired it on level 3 of the Lair of
                  | Beasts)
 17344 | Lair:3   | Identified the +1 hat of the Comet {rN+} (You acquired it
                  | on level 3 of the Lair of Beasts)
 18111 | Lair:3   | Received a gift from Okawaru
 18115 | Lair:3   | Reached skill level 5 in Shields
 18820 | Lair:4   | Received a gift from Okawaru
 19309 | Lair:4   | Noticed Kirke
 19330 | Lair:4   | Killed Kirke
 20160 | Lair:5   | Found a viscous altar of Jiyva.
 20160 | Lair:5   | Found a staircase to the Slime Pits.
 20265 | Lair:5   | Found a runed translucent gate.
 20265 | Lair:5   | Found a runed translucent gate.
 20265 | Lair:5   | Found a runed translucent gate.
 20266 | Lair:5   | Noticed funkygono's ghost (journeyman FrCj)
 20303 | Lair:5   | Received a gift from Okawaru
 20304 | Lair:5   | Got a fine great sword {god gift}
 20368 | Lair:5   | Identified the +9 great sword of the Extremely Mad {god
                  | gift, drain, rC+ Str+2 Int+2 Dex-5} (Okawaru gifted it to
                  | you on level 5 of the Lair of Beasts)
 20628 | Lair:6   | Entered Level 6 of the Lair of Beasts
 20636 | Lair:6   | Reached skill level 10 in Shields
 20843 | Lair:6   | Reached XP level 14. HP: 104/121 MP: 24/24
 21584 | Lair:6   | Received a gift from Okawaru
 22099 | Lair:6   | Found a large runed door.
 22099 | Lair:6   | Found a large runed door.
 22848 | Lair:6   | Identified the +0 dagger of Qerr {vamp, Str+7} (You found
                  | it on level 5 of the Dungeon)
 22998 | Lair:6   | Received a gift from Okawaru
 23446 | Lair:6   | Got a transparent ring mail
 23966 | D:11     | Noticed Sonja
 23967 | D:11     | Noticed Sonja
 23967 | D:11     | Sonja changed into Sonja the golden eye
 23986 | D:11     | Killed Sonja the golden eye
 24096 | D:11     | Found Qetzirink's Distillery.
 24503 | D:11     | Received a gift from Okawaru
 24595 | D:11     | Identified the cursed +0 ring mail of Grace {MP+9 Str+4
                  | Dex-4 Slay+5} (You found it on level 6 of the Lair of
                  | Beasts)
 24703 | D:11     | Noticed Grum
 24743 | D:11     | Killed Grum
 24755 | D:11     | Noticed an ironheart preserver
 24765 | D:11     | Killed an ironheart preserver
 24765 | D:11     | Reached XP level 15. HP: 126/126 MP: 25/25
 24878 | D:11     | Found a gate to the Vaults.
 24955 | D:11     | Noticed dscm's ghost (journeyman KoFi)
 24956 | D:11     | Found a transporter.
 24960 | D:11     | Found a transporter.
 25293 | D:11     | Killed dscm's ghost
 25335 | D:12     | Entered Level 12 of the Dungeon
 25414 | D:12     | Paralysed by an ogre mage for 2 turns
 25647 | D:12     | Reached skill level 15 in Shields
 25650 | D:12     | Received a gift from Okawaru
 25651 | D:12     | Got a smoking hand crossbow {god gift}
 25653 | D:12     | Identified the +0 hand crossbow of the Real Monster {god
                  | gift, freeze, *Drain *Slow +Fly Int+8} (Okawaru gifted it
                  | to you on level 12 of the Dungeon)
 25789 | D:12     | Reached skill level 1 in Evocations
 26134 | D:12     | Found a staircase to the Depths.
 26231 | D:10     | Bought an uncursed ring of poison resistance for 260 gold
                  | pieces
 26325 | D:8      | Bought a glowing plate armour for 650 gold pieces
 26475 | Spider:1 | Entered Level 1 of the Spider Nest
 27216 | Spider:1 | Received a gift from Okawaru
 27217 | Spider:1 | Got a distressingly furry plate armour {god gift}
 27228 | Spider:1 | Identified the +7 plate armour "Toron" {god gift, rElec
                  | Str+3 SInv} (Okawaru gifted it to you on level 1 of the
                  | Spider Nest)
 27297 | Spider:1 | Reached skill level 11 in Fighting
 27299 | Spider:1 | Reached skill level 5 in Evocations
 27781 | Spider:2 | Noticed a ghost moth
 27790 | Spider:2 | Killed a ghost moth
 28592 | Spider:3 | Entered Level 3 of the Spider Nest
 28597 | Spider:3 | Noticed Louise
 28615 | Spider:2 | Cast into level 1 of the Abyss (Louise)
 28615 | Abyss:1  | Found a corrupted altar of Lugonu.
 28718 | Abyss:1  | Found a corrupted altar of Lugonu.
 28735 | Abyss:1  | Reached skill level 12 in Fighting
 28762 | Abyss:1  | Received a gift from Okawaru
 28763 | Abyss:1  | Got a pair of brightly glowing gloves {god gift}
 28773 | Abyss:1  | Identified the +3 pair of gloves "Dipt" {god gift, Str+5}
                  | (Okawaru gifted it to you on level 1 of the Abyss)
 28826 | Abyss:1  | Noticed a tentacled starspawn
 28836 | Abyss:1  | Killed a tentacled starspawn
 28836 | Abyss:1  | Reached XP level 16. HP: 140/140 MP: 26/26
 28849 | Abyss:1  | Noticed a tentacled starspawn
 28851 | Abyss:1  | Found a corrupted altar of Lugonu.
 28853 | Abyss:1  | Found a corrupted altar of Lugonu.
 28857 | Abyss:1  | Killed a tentacled starspawn
 29007 | Abyss:2  | Noticed a bone dragon
 29020 | Abyss:2  | Killed a bone dragon
 29027 | Spider:2 | Escaped the Abyss
 29034 | Spider:2 | Killed Louise
 29450 | Spider:3 | Reached skill level 13 in Fighting
 29696 | Spider:3 | Reached skill level 10 in Evocations
 29726 | Spider:3 | Received a gift from Okawaru
 29916 | Spider:3 | Identified the +8 trident of Sulphur {freeze, rF+ Str+2
                  | Int-4} (You found it on level 3 of the Spider Nest)
 29957 | Spider:3 | Got a scorched hat
 29974 | Spider:3 | Identified the +1 hat of the Carpenter {MR+ rCorr Dex-5
                  | Stlth+} (You found it on level 3 of the Spider Nest)
 30839 | Spider:3 | Reached skill level 14 in Fighting
 31076 | Spider:3 | Got a gossamer rune of Zot
 31258 | Shoals:1 | Entered Level 1 of the Shoals
 31277 | Shoals:1 | Received a gift from Okawaru
 31634 | Shoals:1 | HP: 6/146 [alligator snapping turtle (32)]
 32158 | Shoals:1 | Reached skill level 1 in Throwing
 32493 | Shoals:1 | Received a gift from Okawaru
 33101 | Shoals:2 | Identified the amulet of Urostagh {Fragile rC- Regen+ Str+7
                  | Stlth+} (You acquired it on level 2 of the Shoals)
 33150 | Shoals:2 | Identified the cursed +3 scimitar of the Thirsty Wonders
                  | {venom, *Drain +Inv Int+3 Dex+2}
 33178 | Shoals:2 | Reached XP level 17. HP: 143/154 MP: 31/31
 33283 | Shoals:2 | Found Ytyfocuc's Assorted Antiques.
 33502 | Shoals:3 | Entered Level 3 of the Shoals
 33562 | Shoals:3 | Reached skill level 5 in Throwing
 33610 | Shoals:3 | Noticed a kraken
 33636 | Shoals:3 | Killed a kraken
 34076 | Shoals:3 | Received a gift from Okawaru
 34092 | Shoals:3 | Noticed Ilsuiw
 34100 | Shoals:3 | Identified the +6 chain mail of Kozus {*Corrode Str+2 Int+2
                  | Stlth+}
 34260 | Shoals:3 | Received a gift from Okawaru
 34520 | Shoals:3 | Got a barnacled rune of Zot
 34536 | Shoals:3 | Received a gift from Okawaru
 34681 | Shoals:3 | Reached skill level 15 in Fighting
 34739 | Shoals:3 | Killed Ilsuiw
 35038 | Shoals:3 | Reached skill level 16 in Fighting
 35146 | Shoals:3 | Identified the amulet "Bewuy" {Reflect MR+ Slay+3 SH+2
                  | SInv}
 35505 | Shoals:3 | Identified Sif Muna's Catalogue of the Displaced Mountains
 35525 | Shoals:3 | Noticed a kraken
 35525 | Shoals:3 | Noticed a kraken
 35565 | Shoals:3 | Killed a kraken
 35610 | Shoals:3 | Killed a kraken
 35610 | Shoals:3 | Identified the -2 helmet "Ibroeble" {god gift, rF+ Str+5}
                  | (Okawaru gifted it to you on level 3 of the Shoals)
 35610 | Shoals:3 | Received a gift from Okawaru
 35610 | Shoals:3 | Reached skill level 17 in Fighting
 35805 | Shoals:3 | Noticed a kraken
 35805 | Shoals:3 | Noticed a kraken
 35828 | Shoals:3 | Killed a kraken
 35989 | Shoals:3 | Killed a kraken
 36550 | Elf:1    | Entered Level 1 of the Elven Halls
 36572 | Elf:1    | Noticed Azrael
 36606 | Elf:1    | Killed Azrael
 37096 | Elf:1    | Noticed Saint Roka
 37126 | Elf:1    | Killed Saint Roka
 37126 | Elf:1    | Reached skill level 18 in Fighting
 37126 | Elf:1    | Gained mutation: You can hurl hellfire. [Djinni growth]
 37126 | Elf:1    | Reached XP level 18. HP: 172/172 MP: 29/32
 37761 | Elf:1    | Reached skill level 10 in Dodging
 38003 | Elf:1    | Identified the Reference Book on Creative Arcane Weapons
 38175 | Elf:2    | Found Lestrismu's Magic Scroll Boutique.
 38218 | Elf:2    | Bought a scroll of blinking for 150 gold pieces
 38228 | Elf:2    | Reached skill level 10 in Armour
 38361 | Elf:2    | Found a portal to a secret trove of treasure.
 38394 | Elf:2    | Received a gift from Okawaru
 38605 | Elf:2    | Received a gift from Okawaru
 38619 | Elf:2    | Found a runed door.
 38642 | Elf:2    | Found a runed door.
 39296 | Elf:3    | Entered Level 3 of the Elven Halls
 39485 | Elf:3    | Found Qicwor's General Store.
 39488 | Elf:3    | Bought a wand of digging (8) for 408 gold pieces
 39582 | Elf:3    | Received a gift from Okawaru
 39677 | Elf:3    | Found Onuz's General Store.
 39683 | Elf:3    | Bought a scroll of magic mapping for 45 gold pieces
 39816 | Elf:3    | Noticed a Hell Sentinel
 40148 | Elf:3    | Received a gift from Okawaru
 40187 | Elf:3    | Bought a wand of iceblast (10) for 182 gold pieces
 40594 | Elf:3    | Noticed a Hell Sentinel
 40594 | Elf:3    | Reached XP level 19. HP: 181/181 MP: 33/33
 40813 | Elf:3    | Identified the +9 great mace of Ypimaloa {crush, rN+}
 40821 | Elf:3    | Reached skill level 10 in Throwing
 41306 | Elf:3    | Identified the ring of Greater Demons {rN+ Stlth+}
 41329 | Elf:3    | Identified the Tome of the Ensnaring Traveller
 41344 | Elf:3    | Identified the +2 pair of boots "Qephoud" {Regen+}
 41372 | Elf:3    | Found the +6 Scorpio {venom, beckon}
 41383 | Elf:3    | Identified the +5 dagger of Valiance {antimagic, rC+ MR+
                  | SInv}
 41622 | Vaults:1 | Entered Level 1 of the Vaults
 41974 | Vaults:1 | Received a gift from Okawaru
 42390 | Vaults:1 | Received a gift from Okawaru
 42538 | Vaults:1 | Found Otughuez's Distillery.
 42566 | Vaults:1 | Noticed a juggernaut
 42576 | Vaults:1 | Killed a juggernaut
 43060 | Vaults:1 | Received a gift from Okawaru
 43419 | Vaults:1 | Reached XP level 20. HP: 189/189 MP: 34/34
 43653 | Vaults:2 | Found Fotiety's Weapon Shop.
 43895 | Vaults:2 | Found a staircase to the Crypt.
 44002 | Vaults:2 | Received a gift from Okawaru
 44062 | Vaults:2 | Reached skill level 15 in Throwing
 45167 | Vaults:2 | Noticed a golden dragon
 45187 | Vaults:2 | Killed a golden dragon
 45187 | Vaults:2 | Received a gift from Okawaru
 45284 | Vaults:2 | Identified the cursed +0 hand axe of Ruosuen {chop, rPois}
 45293 | Vaults:2 | Paralysed by a floating eye for 3 turns
 45343 | Vaults:2 | Identified the amulet "Jotzacva" {Gourm rElec Str+3 Int+4}
 45470 | Vaults:2 | Found the +9 scales of the Dragon King {rPois rF+ rC+ MR+}
 45473 | Vaults:2 | Identified the +3 hand crossbow "Orb Guardian's Doom"
                  | {speed, Fragile +Fly rElec Int+6}
 45476 | Vaults:2 | Identified the Catalogue of Attacks
 45553 | Vaults:2 | Reached XP level 21. HP: 119/196 MP: 36/36
 46379 | Vaults:3 | Entered Level 3 of the Vaults
 46425 | Vaults:2 | Received a gift from Okawaru
 46466 | Vaults:2 | Reached skill level 15 in Armour
 46916 | Vaults:2 | Received a gift from Okawaru
 47064 | Vaults:3 | Identified the +2 quarterstaff of Due Proportion {god gift,
                  | freeze, rC+} (Okawaru gifted it to you on level 3 of the
                  | Vaults)
 47064 | Vaults:3 | Received a gift from Okawaru
 47458 | Vaults:3 | Received a gift from Okawaru
 47688 | Vaults:3 | Reached skill level 15 in Dodging
 47869 | Vaults:3 | Reached XP level 22. HP: 204/204 MP: 37/37
 47906 | Vaults:3 | Learned a level 3 spell: Regeneration
 47911 | Vaults:3 | Learned a level 1 spell: Apportation
 48032 | Vaults:3 | Received a gift from Okawaru
 48474 | Vaults:3 | Identified the +14 plate armour of Wazupa Kefe {+Inv rF+
                  | Stlth-}
 48537 | Vaults:3 | Got a silver rune of Zot
 48629 | Vaults:3 | Identified the +1 broad axe "Etyllunk" {elec, rElec rPois
                  | Int-4 Dex+6}
 48976 | Depths:1 | Entered Level 1 of the Depths
 48980 | Depths:1 | Learned a level 2 spell: Blink
 49013 | Depths:1 | Found Ydaox's Magic Scroll Shoppe.
 49021 | Depths:1 | Bought a scroll of acquirement for 988 gold pieces
 49021 | Depths:1 | Bought a scroll of teleportation for 57 gold pieces
 49021 | Depths:1 | Bought a scroll of fog for 38 gold pieces
 49024 | Depths:1 | Identified the +6 quick blade "Kurru" {pierce, *Drain rElec
                  | Dex+6} (You acquired it on level 1 of the Depths)
 49024 | Depths:1 | Identified the +0 pair of gloves "Xuheh" {MR- Int+6} (You
                  | acquired it on level 1 of the Depths)
 49091 | Depths:1 | Reached skill level 15 in Maces & Flails
 49432 | Depths:1 | Noticed a juggernaut
 49437 | Depths:1 | Received a gift from Okawaru
 49437 | Depths:1 | Reached skill level 1 in Spellcasting
 49437 | Depths:1 | Reached skill level 1 in Charms
 49437 | Depths:1 | Reached skill level 1 in Necromancy
 49449 | Depths:1 | Killed a juggernaut
 49471 | Depths:1 | Identified the +1 chain mail of Circular Logic {god gift,
                  | *Drain MR+ Dex+9} (Okawaru gifted it to you on level 1 of
                  | the Depths)
 49471 | Depths:1 | Received a gift from Okawaru
 49625 | Depths:1 | Found a gateway to Hell.
 49796 | Depths:1 | Identified the ring "Pougeaf" {Wiz MR- MP+9 Dex+5 Slay+2}
 50442 | Depths:1 | Identified the cursed +0 plate armour of Midsummer {rPois
                  | Str+3}
 50454 | Depths:1 | Identified the ring "Asahakloto" {rF+ rC+ rN+}
 50513 | Depths:2 | Reached skill level 5 in Necromancy
 50519 | Depths:2 | Reached skill level 5 in Charms
 50583 | Depths:2 | Reached skill level 5 in Spellcasting
 50626 | Depths:2 | Found the +6 shillelagh "Devastator" {shatter}
 50706 | Depths:2 | Found a gateway to a ziggurat.
 50749 | Depths:2 | Noticed Mara
 50765 | Depths:2 | Noticed Ankalagon's illusion
 50808 | Depths:2 | Killed Mara
 51117 | Depths:2 | Found a sparkling altar of Nemelex Xobeh.
 51458 | Depths:2 | Received a gift from Okawaru
 51568 | Depths:2 | Identified the +13 plate armour "Wyatuach" {Str+3}
 51621 | Depths:3 | Noticed a juggernaut
 51654 | Depths:3 | Reached XP level 23. HP: 211/211 MP: 39/39
 51761 | Depths:3 | Found a one-way gate leading to the halls of Pandemonium.
 52206 | Depths:3 | Found a sparkling altar of Nemelex Xobeh.
 52318 | Depths:3 | Killed a juggernaut
 52560 | Depths:3 | Found a hide-covered altar of Uskayaw.
 52561 | Depths:3 | Found a basalt altar of Yredelemnul.
 52606 | Depths:3 | Noticed a golden dragon
 52632 | Depths:3 | Killed a golden dragon
 52837 | Depths:3 | Received a gift from Okawaru
 53353 | Depths:3 | Received a gift from Okawaru
 53356 | Depths:3 | Reached skill level 10 in Charms
 53356 | Depths:3 | Reached skill level 10 in Necromancy
 53381 | Depths:3 | Noticed an ancient lich
 53664 | Depths:3 | Noticed a Killer Klown
 53682 | Depths:3 | Reached skill level 1 in Translocations
 53687 | Depths:3 | Killed a Killer Klown
 53936 | Depths:3 | Noticed a juggernaut
 53960 | Depths:3 | Killed a juggernaut
 53960 | Depths:3 | Received a gift from Okawaru
 54259 | Depths:3 | Noticed a caustic shrike
 54279 | Depths:3 | Killed a caustic shrike
 54411 | Depths:4 | Paralysed by a floating eye for 3 turns
 54542 | Depths:4 | Found a one-way gate to the infinite horrors of the Abyss.
 54608 | Depths:4 | Found Vefonki's Antique Artefacts.
 54630 | Depths:4 | Reached skill level 5 in Translocations
 54653 | Depths:4 | Bought a vibrating jade amulet for 200 gold pieces
 54653 | Depths:4 | Identified the amulet "Plog" {Reflect rN+ MR+ SH+3} (You
                  | bought it in a shop on level 4 of the Depths)
 54653 | Depths:4 | Bought a slimy glass ring for 200 gold pieces
 54653 | Depths:4 | Identified the ring "Rimohe" {MP+9 Int+4} (You bought it in
                  | a shop on level 4 of the Depths)
 54989 | Depths:4 | Reached XP level 24. HP: 197/220 MP: 43/43
 55206 | Depths:4 | Noticed a golden dragon
 55224 | Depths:4 | Received a gift from Okawaru
 55224 | Depths:4 | Identified the ring "Ubbipn" {rC+ Dex+3}
 55249 | Depths:4 | Killed a golden dragon
 55651 | Depths:4 | Noticed a golden dragon
 55666 | Depths:4 | Killed a golden dragon
 55898 | Depths:3 | Noticed a golden dragon
 55903 | Depths:3 | Killed an ancient lich
 55912 | Depths:3 | Killed a golden dragon
 56078 | Depths:5 | Entered Level 5 of the Depths
 56293 | Depths:5 | Identified the ring "Beciss" {rElec Int+6}
 56403 | Depths:5 | Received a gift from Okawaru
 56418 | Depths:5 | Reached skill level 10 in Translocations
 56700 | Depths:5 | Found a gate to the Realm of Zot.
 56977 | Depths:5 | Noticed a Killer Klown
 56994 | Depths:5 | Killed a Killer Klown
 58049 | Slime:1  | Entered Level 1 of the Pits of Slime
 58236 | Slime:5  | Entered Level 5 of the Pits of Slime
 58293 | Slime:5  | Reached XP level 25. HP: 226/226 MP: 42/43
 58315 | Slime:5  | Noticed the Royal Jelly
 58318 | Slime:5  | Found a viscous altar of Jiyva.
 58327 | Slime:5  | Killed the Royal Jelly
 58357 | Slime:5  | Received a gift from Okawaru
 58362 | Slime:5  | Reached skill level 10 in Invocations
 58373 | Slime:5  | Received a gift from Okawaru
 58408 | Slime:5  | Found the cursed necklace of Bloodlust {*Rage +Rage MR++
                  | Int-3 Slay+6 *Curse}
 58453 | Slime:5  | Identified the amulet of Liberalism {RegenMP +Fly rC+ MR+++
                  | Int-4}
 58492 | Slime:5  | Identified the amulet "Eptiss" {+Rage rF- rN+ Str+6}
 58494 | Slime:5  | Got a slimy rune of Zot
 58923 | Hell     | Entered the Vestibule of Hell
 58923 | Hell     | Noticed Geryon
 58940 | Hell     | Killed Geryon
 59091 | Hell     | Found a gateway to the decaying netherworld of Tartarus.
 59277 | Hell     | Found a gateway to the Iron City of Dis.
 59307 | Hell     | Noticed Murray
 59357 | Hell     | Killed Murray
 59357 | Hell     | Received a gift from Okawaru
 59580 | Hell     | Found a gateway to the freezing wastes of Cocytus.
 59681 | Hell     | Found a gateway to the ashen valley of Gehenna.
 60251 | Crypt:1  | Entered Level 1 of the Crypt
 60472 | Crypt:1  | Reached skill level 15 in Evocations
 60489 | Crypt:1  | Identified the +1 mace "Beastbane" {god gift, drain, +Rage
                  | rElec rC+ Dex+3} (Okawaru gifted it to you on level 1 of
                  | the Crypt)
 60489 | Crypt:1  | Received a gift from Okawaru
 61151 | Crypt:2  | Entered Level 2 of the Crypt
 61451 | Crypt:2  | Found a staircase to the Tomb.
 62145 | Crypt:2  | Found an ancient bone altar of Kikubaaqudgha.
 62266 | Crypt:2  | Noticed an ancient lich
 62278 | Crypt:2  | Killed an ancient lich
 62278 | Crypt:2  | Reached XP level 26. HP: 187/234 MP: 40/43
 62313 | Crypt:2  | Found the +6 Majin-Bo {vamp, *Drain Str+12 Int+24}
 62327 | Crypt:2  | Identified the +7 great sword "Empehum" {slice, rC+ Dex+4}
 62751 | Crypt:2  | Received a gift from Okawaru
 62758 | Crypt:2  | Reached skill level 19 in Fighting
 63106 | Tomb:1   | Entered Level 1 of the Tomb of the Ancients
 63201 | Tomb:1   | Identified the +0 pair of gloves "Koinotup" {rElec MR+
                  | Int+3} (You acquired it on level 1 of the Tomb of the
                  | Ancients)
 63201 | Tomb:1   | Identified the amulet of the Death Scarab {Acrobat MR+}
                  | (You acquired it on level 1 of the Tomb of the Ancients)
 64627 | D:11     | Bought 2 potions of heal wounds for 150 gold pieces
 64627 | D:11     | Bought 2 potions of curing for 90 gold pieces
 64627 | D:11     | Bought a potion of haste for 150 gold pieces
 64627 | D:11     | Bought a potion of heal wounds for 75 gold pieces
 64627 | D:11     | Bought a potion of might for 60 gold pieces
 64627 | D:11     | Bought a potion of curing for 45 gold pieces
 64627 | D:11     | Bought a potion of curing for 45 gold pieces
 64679 | D:9      | Killed Lazarus1551's ghost
 64775 | Orc      | Bought a potion of haste for 120 gold pieces
 64775 | Orc      | Bought a potion of heal wounds for 60 gold pieces
 64775 | Orc      | Bought 2 potions of ambrosia for 192 gold pieces
 64775 | Orc      | Bought a potion of agility for 48 gold pieces
 64775 | Orc      | Bought a potion of curing for 36 gold pieces
 64775 | Orc      | Bought a potion of haste for 120 gold pieces
 64775 | Orc      | Bought a potion of cancellation for 96 gold pieces
 64899 | Vaults:1 | Bought a potion of might for 44 gold pieces
 64899 | Vaults:1 | Bought a potion of heal wounds for 55 gold pieces
 64899 | Vaults:1 | Bought a potion of heal wounds for 55 gold pieces
 64899 | Vaults:1 | Bought a potion of curing for 33 gold pieces
 64899 | Vaults:1 | Bought a potion of haste for 110 gold pieces
 64899 | Vaults:1 | Bought a potion of curing for 33 gold pieces
 64899 | Vaults:1 | Bought a potion of curing for 33 gold pieces
 64899 | Vaults:1 | Bought a potion of mutation for 88 gold pieces
 64899 | Vaults:1 | Bought a potion of curing for 33 gold pieces
 65224 | Zot:1    | Entered Level 1 of the Realm of Zot
 65224 | Zot:1    | Noticed a golden dragon
 65243 | Zot:1    | Killed a golden dragon
 65321 | Zot:1    | Noticed a golden dragon
 65336 | Zot:1    | Killed a golden dragon
 65463 | Zot:1    | Reached skill level 1 in Stealth
 65649 | Zot:1    | Received a gift from Okawaru
 66051 | Zot:1    | Identified the +5 flail of Pestilence {god gift, crush,
                  | *Corrode rElec rN+ Dex+5} (Okawaru gifted it to you on
                  | level 1 of the Realm of Zot)
 66051 | Zot:1    | Received a gift from Okawaru
 66366 | Zot:2    | Noticed a golden dragon
 66380 | Zot:2    | Killed a golden dragon
 66872 | Zot:2    | Received a gift from Okawaru
 66872 | Zot:2    | Reached XP level 27. HP: 222/239 MP: 43/43
 67170 | Zot:2    | Received a gift from Okawaru
 67204 | Zot:2    | Reached skill level 20 in Fighting
 67984 | Zot:3    | Identified the +5 mace of Mucvat {god gift, drain, rC+}
                  | (Okawaru gifted it to you on level 3 of the Realm of Zot)
 67984 | Zot:3    | Received a gift from Okawaru
 68590 | Zot:3    | Noticed an orb of fire
 68591 | Zot:3    | Gained mutation: You are somewhat resistant to further
                  | mutation. [an orb of fire]
 68603 | Zot:3    | Gained mutation: Armour fits poorly on your strangely
                  | shaped body. [an orb of fire]
 68610 | Zot:3    | Gained mutation: You are weak. (Str -2) [an orb of fire]
 68615 | Zot:3    | Killed an orb of fire
 68637 | Zot:3    | Found a runed door.
 68921 | Zot:3    | Received a gift from Okawaru
 69180 | Zot:4    | Identified the +1 leather armour of Lugonu's Hope {Int+4}
 70020 | Zot:4    | Received a gift from Okawaru
 70357 | Zot:4    | Reached skill level 21 in Fighting
 71580 | D:7      | Bought a wand of digging (4) for 224 gold pieces
 71580 | D:7      | Bought a wand of iceblast (6) for 140 gold pieces
 71580 | D:7      | Bought a phantom mirror for 420 gold pieces
 71580 | D:7      | Bought a wand of digging (7) for 308 gold pieces
 71580 | D:7      | Bought a wand of digging (9) for 364 gold pieces
 71580 | D:7      | Bought a box of beasts for 280 gold pieces
 71580 | D:7      | Bought a phantom mirror for 420 gold pieces
 71580 | D:7      | Bought a wand of acid (6) for 280 gold pieces
 72329 | Depths:3 | Escaped the Abyss
 72444 | Abyss:3  | Found a corrupted altar of Lugonu.
 72538 | Abyss:4  | Got an abyssal rune of Zot
 72642 | Depths:4 | Escaped the Abyss
 72836 | Hell     | Lost mutation: Armour fits poorly on your strangely shaped
                  | body. [potion of mutation]
 72836 | Hell     | Lost mutation: You are very weak. (Str -4) [potion of
                  | mutation]
 72836 | Hell     | Gained mutation: You passively map a small area around you.
                  | [potion of mutation]
 72838 | Tar:1    | Entered Level 1 of Tartarus
 72859 | Tar:1    | Received a gift from Okawaru
 73293 | Tar:2    | Entered Level 2 of Tartarus
 73640 | Tar:2    | Noticed Ereshkigal
 73652 | Tar:2    | Received a gift from Okawaru
 73664 | Tar:2    | Killed Ereshkigal
 73664 | Tar:2    | Received a gift from Okawaru
 73826 | Tar:2    | Got a bone rune of Zot
 74140 | Dis:1    | Entered Level 1 of the Iron City of Dis
 74497 | Dis:2    | Entered Level 2 of the Iron City of Dis
 74505 | Dis:2    | Reached skill level 22 in Fighting
 74549 | Dis:2    | Gained mutation: You are frail. (-10% HP) [a cacodemon]
 74575 | Dis:2    | Identified the +4 staff of Dispater
 74575 | Dis:2    | Noticed Dispater
 74618 | Dis:2    | Killed Dispater
 74618 | Dis:2    | Received a gift from Okawaru
 74626 | Dis:2    | HP: 12/331 [reaper/+3 scythe of protection (24)]
 74666 | Dis:2    | Got an iron rune of Zot
 74983 | Coc:1    | Entered Level 1 of Cocytus
 75062 | Coc:2    | Entered Level 2 of Cocytus
 75074 | Coc:2    | Received a gift from Okawaru
 75439 | Coc:2    | Received a gift from Okawaru
 75568 | Coc:2    | Lost mutation: You are frail. (-10% HP) [potion of
                  | mutation]
 75568 | Coc:2    | Lost mutation: You are somewhat resistant to further
                  | mutation. [potion of mutation]
 75568 | Coc:2    | Gained mutation: You are surrounded by a mild repulsion
                  | field. (EV +2) [potion of mutation]
 75568 | Coc:2    | Gained mutation: Your mind is acute. (Int +2) [potion of
                  | mutation]
 75734 | Coc:2    | Identified the +9 flail "Cuomul" {speed, rPois MR+ SInv}
 75734 | Coc:2    | Noticed Antaeus
 75899 | Coc:2    | Killed Antaeus
 75917 | Coc:2    | Identified Coc Xio's Guide on Confrontation
 75945 | Coc:2    | Got an icy rune of Zot
 75982 | Coc:2    | Received a gift from Okawaru
 75993 | Coc:2    | Identified the +7 spear of Weedd {pierce, rElec rF- Dex+8}
 76155 | Geh:1    | Entered Level 1 of Gehenna
 76511 | Geh:1    | Learned a level 3 spell: Portal Projectile
 76815 | Geh:2    | Entered Level 2 of Gehenna
 77297 | Geh:2    | Received a gift from Okawaru
 77357 | Geh:2    | Identified the +1 triple crossbow of the Big Fish {god
                  | gift, freeze, +Inv rN+ MR+} (Okawaru gifted it to you on
                  | level 2 of Gehenna)
 77357 | Geh:2    | Received a gift from Okawaru
 77377 | Geh:2    | Identified the +7 sceptre of Asmodeus
 77377 | Geh:2    | Noticed Asmodeus
 77414 | Geh:2    | Killed Asmodeus
 77427 | Geh:2    | Got an obsidian rune of Zot
 78221 | Tomb:2   | Noticed a greater mummy
 78221 | Tomb:2   | Noticed a greater mummy
 78222 | Tomb:2   | Noticed a greater mummy
 78222 | Tomb:2   | Noticed a greater mummy
 78668 | Tomb:2   | Killed a greater mummy
 78671 | Tomb:2   | Cast into level 4 of the Abyss (the power of Zot)
 78799 | Abyss:4  | Found a corrupted altar of Lugonu.
 78823 | Abyss:5  | Entered Level 5 of the Abyss
 78823 | Abyss:5  | Entered Level 5 of the Abyss
 78903 | Tomb:2   | Escaped the Abyss
 78929 | Tomb:2   | Killed a greater mummy
 79032 | Tomb:2   | Identified the +6 great mace "Byxze" {elec, rPois Stlth+}
                  | (You acquired it on level 2 of the Tomb of the Ancients)
 79081 | Tomb:2   | Received a gift from Okawaru
 79091 | Tomb:2   | Killed a greater mummy
 79104 | Tomb:2   | Killed a greater mummy
 79424 | Tomb:1   | Noticed a greater mummy
 79424 | Tomb:1   | Noticed a greater mummy
 79424 | Tomb:1   | Noticed a greater mummy
 79424 | Tomb:1   | Noticed a greater mummy
 79430 | Tomb:1   | Noticed a greater mummy
 79431 | Tomb:1   | HP: 6/247 [greater mummy/divine providence (13)]
 79834 | Tomb:1   | Killed a greater mummy
 79834 | Tomb:1   | Identified the +6 mace of Diet Blood {god gift, drain, rF+}
                  | (Okawaru gifted it to you on level 1 of the Tomb of the
                  | Ancients)
 79834 | Tomb:1   | Received a gift from Okawaru
 79838 | Tomb:1   | Noticed a greater mummy
 79845 | Tomb:1   | Killed a greater mummy
 79848 | Tomb:1   | Noticed a greater mummy
 79855 | Tomb:1   | Killed a greater mummy
 79858 | Tomb:1   | Noticed a greater mummy
 79860 | Tomb:1   | Noticed a greater mummy
 79860 | Tomb:1   | Noticed a greater mummy
 80047 | Tomb:1   | Killed a greater mummy
 80058 | Tomb:1   | Killed a greater mummy
 80073 | Tomb:1   | Killed a greater mummy
 80245 | Tomb:1   | Killed a greater mummy
 80459 | Tomb:1   | Noticed a greater mummy
 80466 | Tomb:1   | Killed a greater mummy
 80517 | Tomb:1   | Killed a greater mummy
 80699 | Tomb:1   | Noticed a greater mummy
 80709 | Tomb:1   | Killed a greater mummy
 80863 | Tomb:1   | Noticed a greater mummy
 80917 | Tomb:1   | Killed a greater mummy
 80917 | Tomb:1   | Received a gift from Okawaru
 80927 | Tomb:1   | Killed a greater mummy
 81060 | Tomb:1   | Noticed a greater mummy
 81072 | Tomb:1   | Killed a greater mummy
 81285 | Tomb:1   | Noticed a greater mummy
 81294 | Tomb:1   | Killed a greater mummy
 81506 | Tomb:1   | Noticed a greater mummy
 81514 | Tomb:1   | Killed a greater mummy
 81533 | Tomb:1   | Noticed a greater mummy
 81540 | Tomb:1   | Killed a greater mummy
 81610 | Tomb:1   | Killed a greater mummy
 81658 | Tomb:1   | Noticed a greater mummy
 81672 | Tomb:1   | Killed a greater mummy
 81724 | Tomb:1   | Noticed a greater mummy
 81736 | Tomb:1   | Killed a greater mummy
 82031 | Tomb:3   | Entered Level 3 of the Tomb of the Ancients
 82056 | Tomb:3   | Received a gift from Okawaru
 82057 | Tomb:3   | Found the +2 shield of Resistance {god gift, rF+ rC+ MR+}
 82072 | Tomb:3   | Noticed a greater mummy
 82082 | Tomb:3   | Identified the +4 shortbow of Asipeke {velocity, rN++ MR-
                  | Str+2}
 82088 | Tomb:3   | Killed a greater mummy
 82565 | Tomb:3   | Noticed a greater mummy
 82566 | Tomb:3   | Noticed an ancient lich
 82574 | Tomb:3   | Killed a greater mummy
 82574 | Tomb:3   | Noticed a greater mummy
 82577 | Tomb:3   | Killed an ancient lich
 82583 | Tomb:3   | Killed a greater mummy
 83185 | Tomb:3   | Identified the Incunabulum of Combat Magic and Malediction
 83190 | Tomb:3   | Identified the Tome of Aid
 83192 | Tomb:3   | Identified the cursed ring "Pos Nimipoa" {rC+++ MR- EV-3}
 83213 | Tomb:3   | Identified the +2 leather armour "Zipnuot" {rElec rF+++
                  | Int-5 Stlth-}
 83214 | Tomb:3   | Identified the +6 hunting sling of Diet Blood {velocity,
                  | rElec}
 83512 | Tomb:3   | Noticed a greater mummy
 83526 | Tomb:3   | Killed a greater mummy
 83562 | Tomb:3   | Received a gift from Okawaru
 83568 | Tomb:3   | Noticed a greater mummy
 83592 | Tomb:3   | Killed a greater mummy
 83622 | Tomb:3   | Noticed a greater mummy
 83633 | Tomb:3   | Killed a greater mummy
 83661 | Tomb:3   | Noticed a greater mummy
 83670 | Tomb:3   | Killed a greater mummy
 84083 | Tomb:3   | Noticed a greater mummy
 84096 | Tomb:3   | Killed a greater mummy
 84124 | Tomb:3   | Got a golden rune of Zot
 84825 | Depths:4 | Voluntarily entered the Abyss.
 84825 | Abyss:5  | Entered Level 5 of the Abyss
 84825 | Abyss:5  | Entered Level 5 of the Abyss
 84863 | Abyss:5  | Found a corrupted altar of Lugonu.
 85214 | Abyss:5  | Received a gift from Okawaru
 85287 | Abyss:5  | Identified the +3 quarterstaff of Righteous Fury {god gift,
                  | pain, rElec Str+4} (Okawaru gifted it to you on level 5 of
                  | the Abyss)
 85287 | Abyss:5  | Received a gift from Okawaru
 85449 | Depths:4 | Escaped the Abyss
 85493 | Abyss:5  | Entered Level 5 of the Abyss
 85493 | Abyss:5  | Entered Level 5 of the Abyss
 85493 | Abyss:5  | Entered Level 5 of the Abyss
 85493 | Abyss:5  | Entered Level 5 of the Abyss
 85550 | Abyss:5  | Reached skill level 23 in Fighting
 85555 | Depths:3 | Escaped the Abyss
 86011 | Zot:5    | Entered Level 5 of the Realm of Zot
 86646 | Zot:5    | Noticed an ancient lich
 86657 | Zot:5    | Killed an ancient lich
 86657 | Zot:5    | Identified the +8 large shield of Velinut {god gift, Regen+
                  | rCorr Dex-3} (Okawaru gifted it to you on level 5 of the
                  | Realm of Zot)
 86657 | Zot:5    | Received a gift from Okawaru
 86979 | Zot:5    | Noticed an ancient lich
 86991 | Zot:5    | Killed an ancient lich
 87003 | Zot:5    | Noticed an orb of fire
 87019 | Zot:5    | Killed an orb of fire
 87280 | Zot:5    | Noticed an orb of fire
 87285 | Zot:5    | Noticed an ancient lich
 87372 | Zot:5    | Killed an ancient lich
 87382 | Zot:5    | Noticed an ancient lich
 87386 | Zot:5    | Killed an ancient lich
 87406 | Zot:5    | Identified the +3 morningstar "Fysirr" {god gift, vamp, rC+
                  | rN+} (Okawaru gifted it to you on level 5 of the Realm of
                  | Zot)
 87406 | Zot:5    | Received a gift from Okawaru
 87487 | Zot:5    | Killed an orb of fire
 87489 | Zot:5    | Noticed an ancient lich
 87489 | Zot:5    | Noticed an ancient lich
 87503 | Zot:5    | Killed an ancient lich
 87507 | Zot:5    | Killed an ancient lich
 87598 | Zot:5    | Received a gift from Okawaru
 87599 | Zot:5    | Found the +8 orange crystal plate armour {god gift,
                  | Archmagi, Int+3 Clar}
 87796 | Zot:5    | Noticed an orb of fire
 87805 | Zot:5    | Killed an orb of fire
 87854 | Zot:5    | Noticed an ancient lich
 87855 | Zot:5    | Noticed an orb of fire
 87863 | Zot:5    | Gained mutation: Scrolls take you much longer to read. [an
                  | orb of fire]
 87867 | Zot:5    | Killed an orb of fire
 87872 | Zot:5    | Killed an ancient lich
 87932 | Zot:5    | Got the Orb of Zot
 88265 | Depths:2 | Noticed Pietwakh the pandemonium lord
 88278 | Depths:2 | Killed Pietwakh the pandemonium lord
 88677 | D:$      | Escaped with the Orb!

Skill      XL: |  1  2  3  4  5  6  7  8  9 10 11 12 13 14 15 16 17 18 19 20 21 22 23 24 25 26 27 |
---------------+----------------------------------------------------------------------------------+-----
Maces & Flails | 3 5 6 8 11 12 14 16 22 | 22.0
Fighting       | 9 10 12 14 18 19 23 | 23.7
Invocations    | 3 8 11 | 11.9
Armour         | 5 8 9 12 14 17 18 22 | 22.0
Dodging        | 4 8 9 11 12 15 18 19 22 | 22.0
Shields        | 10 14 15 20 | 20.0
Evocations     | 8 12 18 21 | 21.0
Throwing       | 4 8 13 16 22 | 22.0
Spellcasting   | 6 9 |  9.0
Charms         | 7 11 13 14 | 14.3
Necromancy     | 7 11 13 14 | 14.3
Translocations | 5 11 12 | 12.7
Stealth        | 3 |  3.5

Action                   |  1- 3 |  4- 6 |  7- 9 | 10-12 | 13-15 | 16-18 | 19-21 | 22-24 | 25-27 || total
-------------------------+-------+-------+-------+-------+-------+-------+-------+-------+-------++-------
Melee: Flail             |   117 |   133 |   337 |       |       |       |       |       |       ||   587
       Whip              |       |       |   126 |   138 |       |       |       |       |       ||   264
       Dire flail        |       |       |       |   784 |    42 |       |       |       |       ||   826
       Eveningstar       |       |       |       |       |  1108 |  1209 |  1195 |  1687 |  5179 || 10378
 Fire: Blowgun           |       |       |       |       |       |       |       |       |     3 ||     3
Throw: Javelin           |       |       |       |     7 |     6 |    75 |   179 |   103 |   847 ||  1217
 Cast: Regeneration      |       |       |       |       |       |       |       |    21 |   169 ||   190
       Blink             |       |       |       |       |       |       |       |     1 |    18 ||    19
       Portal Projectile |       |       |       |       |       |       |       |       |    35 ||    35
       Apportation       |       |       |       |       |       |       |       |       |    10 ||    10
Invok: Heroism           |       |       |       |     9 |     8 |     4 |     7 |     7 |    86 ||   121
       Finesse           |       |       |       |     1 |     2 |       |     1 |       |    14 ||    18
 Abil: Blink             |       |       |       |       |       |     6 |     3 |     1 |       ||    10
       Hurl Hellfire     |       |       |       |       |       |     2 |     1 |       |       ||     3
Evoke: Wand              |       |     1 |     5 |       |     8 |    37 |     4 |     7 |    13 ||    75
       Lamp of fire      |       |       |       |       |     2 |       |     5 |     3 |    17 ||    27
       Phantom mirror    |       |       |       |       |       |     1 |       |       |     1 ||     2
       Phial of floods   |       |       |       |       |       |       |     1 |       |     2 ||     3
       Box of beasts     |       |       |       |       |       |       |       |       |     5 ||     5
       Sack of spiders   |       |       |       |       |       |       |       |       |     1 ||     1
       Lightning rod     |       |       |       |       |       |       |       |       |     8 ||     8
       Horn of Geryon    |       |       |       |       |       |       |       |       |     3 ||     3
  Use: Scroll            |       |       |     7 |    21 |    12 |     7 |       |     4 |    30 ||    81
       Potion            |       |       |     1 |     3 |     3 |     2 |       |       |    44 ||    53
 Stab: Sleeping          |     4 |     3 |    13 |     1 |       |       |       |       |       ||    21
       Distracted        |     1 |       |       |       |       |       |     1 |     1 |     1 ||     4
       Paralysed         |       |       |     1 |       |       |       |       |       |       ||     1
       Invisible         |       |       |       |       |       |       |       |       |     5 ||     5
  Eat: Chunk             |     2 |     5 |     8 |     9 |    23 |    14 |     8 |    16 |     9 ||    94
       Ration            |       |       |     1 |     6 |     6 |     7 |     5 |     7 |    34 ||    66
Armor: Scale mail        |    21 |       |       |       |       |       |       |       |       ||    21
       Ring mail         |    35 |    50 |   196 |   133 |       |       |       |       |       ||   414
       Plate armour      |       |       |       |   177 |   455 |   462 |   393 |   538 |  1134 ||  3159
       Crystal plate arm |       |       |       |       |       |       |       |       |    20 ||    20
Dodge: Dodged            |    68 |    51 |   152 |   602 |   506 |   593 |   669 |   918 |  3156 ||  6715
       Deflected         |       |       |       |       |       |       |       |       |    66 ||    66
Block: Medium shield     |     5 |       |       |       |   674 |  1032 |  1167 |  1257 |  4595 ||  8730
       Reflection        |       |       |       |       |       |    58 |   100 |    41 |    49 ||   248
       Large shield      |       |       |       |       |       |       |       |       |   308 ||   308
